[Event "Uruguayan-ch Final 2021"]
[Site "Montevideo"]
[Date "2021.11.26"]
[Round "5.3"]
[White "Coppola, Claudio"]
[Black "Ulaneo, Nicolas"]
[Result "1-0"]
[ECO "A40"]
[WhiteElo "2248"]
[BlackElo "2164"]
[Annotator "ChessBase"]
[PlyCount "107"]
[EventDate "2021.11.22"]
[EventType "tourn"]
[EventCountry "URU"]
[SourceTitle "playchess.com"]
[Source "ChessBase"]
[SourceQuality "1"]
[TimeControl "40/5400+30:1800+30"]

1. d4 Nf6 2. c4 e6 3. g3 Bb4+ 4. Nd2 O-O 5. Bg2 Re8 6. Ngf3 Nc6 7. O-O d5 8. Qc2 e5 9. dxe5 Nxe5 10. Nxe5 Rxe5 11. Nf3 Re8 12. cxd5 Qxd5 13. Ng5 Qc5 14. Qb3 Qe7 15. e4 Bc5 16. e5 Ng4 17. Qc2 g6 18. Ne4 Bb6 19. h3 Qxe5 20. hxg4 Bxg4 21. Bf4 Qf5 22. Rfe1 Re6 23. Qc3 Rd8 24. Ng5 Bd4 25. Qxc7 Bb6 26. Nxe6 Bxc7 27. Nxd8 Bxf4 28. Re8+ Kg7 29. Re7 Be5 30. Rxf7+ Qxf7 31. Nxf7 Kxf7 32. Bxb7 Bxb2 33. Rb1 Be5 34. Bd5+ Kf6 35. Rb7 Bd4 36. Rxh7 Ke5 37. Bc6 Be6 38. a4 a5 39. Kg2 Kd6 40. Be8 Bd5+ 41. f3 g5 42. Bf7 Bc6 43. Rh6+ Kc5 44. Rg6 Bxa4 45. Rxg5+ Kb4 46. Rd5 Bc5 47. g4 Bc2 48. g5 Be3 49. g6 Bh6 50. Rd8 a4 51. Rh8 Bg7 52. Rg8 Bf6 53. g7 Ka3 54. Rc8 1-0

[Event "Uruguayan-ch Final 2021"]
[Site "Montevideo"]
[Date "2021.11.26"]
[Round "5.6"]
[White "Larrea, Manuel"]
[Black "Vazquez, Facundo"]
[Result "1-0"]
[ECO "C11"]
[WhiteElo "2222"]
[BlackElo "2163"]
[Annotator "ChessBase"]
[PlyCount "65"]
[EventDate "2021.11.22"]
[EventType "tourn"]
[EventCountry "URU"]
[SourceTitle "playchess.com"]
[Source "ChessBase"]
[SourceQuality "1"]
[TimeControl "40/5400+30:1800+30"]

1. e4 e6 2. d4 d5 3. Nc3 Nf6 4. e5 Nfd7 5. f4 c5 6. Nf3 Nc6 7. Be3 Be7 8. Qd2 O-O 9. Be2 b6 10. O-O f5 11. Rfd1 Kh8 12. a4 Bb7 13. a5 bxa5 14. Na4 Nxd4 15. Nxd4 cxd4 16. Bxd4 Bc6 17. Qe3 Rb8 18. b3 Rb4 19. Nb2 Rxd4 20. Rxd4 Bc5 21. c3 Qb6 22. Bd1 Rc8 23. h3 Bb5 24. g4 fxg4 25. Bxg4 Nb8 26. Rad1 Bxd4 27. cxd4 Rc2 28. Na4 Bxa4 29. bxa4 Rc4 30. f5 exf5 31. e6 Qd8 32. e7 Qe8 33. Bh5 1-0